 Dungeon Crawl Stone Soup version 0.16.1-2-g95b8d4c (webtiles) character file.

549 kae the Insei (level 7, 0/52 HPs)
             Began as a Purple Draconian Transmuter on Mar 25, 2015.
             Slain by a worker ant (7 damage)
             ... on level 5 of the Dungeon.
             The game lasted 00:04:50 (4001 turns).

kae the Insei (Purple Draconian Transmuter)         Turns: 4001, Time: 00:04:51

Health: 0/52       AC:  7    Str: 16    XL:     7   Next: 7%
Magic:  12/12      EV: 20    Int: 13    God:
Gold:   140        SH:  0    Dex: 18    Spells: 3 memorised, 4 levels left

rFire  . . .     SeeInvis .       - Unarmed
rCold  . . .     Clarity  .     (armour unavailable)
rNeg   . . .     SustAb   .     (no shield)
rPois  .         Gourm    .     (helmet restricted)
rElec  .         Spirit   .     (no cloak)
rCorr  .         Warding  .     o - +0 pair of gloves
rMut   .         Stasis   .     (no boots)
MR     +....                    (no amulet)
Stlth  +++.......               z - +3 ring of evasion
                                l - +3 ring of strength

@: agile, somewhat resistant to hostile enchantments, fairly stealthy
A: breathe power, unfitting armour, cold-blooded, AC +6
a: Breathe Dispelling Energy


You were on level 5 of the Dungeon.
You were very hungry.

You visited 1 branch of the dungeon, and saw 5 of its levels.

You collected 140 gold pieces.

Inventory:

Missiles
 b - 23 arrows
 e - 11 arrows of dispersal
 w - 11 arrows of frost
Armour
 o - a +0 pair of gloves (worn)
Jewellery
 l - a +3 ring of strength (left hand)
 x - an uncursed ring of protection from magic
 z - a +3 ring of evasion (right hand)
 B - a cursed ring of teleportation {unknown}
Scrolls
 h - 2 scrolls of identify {unknown}
 k - 3 scrolls of recharging {unknown}
 m - 2 scrolls of blinking {unknown}
 p - 2 scrolls of teleportation {unknown}
 r - a scroll of immolation {unknown}
 s - 2 scrolls of amnesia {unknown}
 t - a scroll of enchant armour {unknown}
 u - a scroll of remove curse {unknown}
 y - a scroll of noise {unknown}
 A - a scroll of fear {unknown}
 C - a scroll of enchant weapon {unknown}
Potions
 c - a potion of cancellation
 j - a potion of flight {unknown}
 n - 2 potions of heal wounds {unknown}
 q - a potion of resistance {unknown}
Books
 d - a book of Changes

   Spells                             Type                      Level
   a - Beastly Appendage              Transmutation                1
   b - Sticks to Snakes               Transmutation                2
   c - Spider Form                    Transmutation/Poison         3
   d - Ice Form                       Ice/Transmutation            4
   e - Blade Hands                    Transmutation                5
Comestibles
 a - 3 bread rations
 g - 5 meat rations
 i - 2 royal jellies
 v - 2 beef jerkies


   Skills:
 - Level 1.1 Fighting
 - Level 1.7 Dodging
 * Level 6.7 Unarmed Combat
 - Level 2.4 Spellcasting
 + Level 4.8 Transmutations


You had 4 spell levels left.
You knew the following spells:

 Your Spells              Type           Power        Failure   Level  Hunger
a - Beastly Appendage     Trmt           ##....       4%          1    #......
b - Sticks to Snakes      Trmt           ##........   8%          2    ###....
c - Spider Form           Trmt/Pois      #.........   28%         3    ###....


Dungeon Overview and Level Annotations

Branches:
Dungeon (5/15)
 Temple: D:4-7

Altars:
Vehumet


Innate Abilities, Weirdness & Mutations

You can breathe bolts of energy.
You can dispel enchantments when you breathe energy.
Your rich purple scales are hard (AC +6).
Your body does not fit into most forms of armour.
Your cold-blooded metabolism reacts poorly to cold.


Message History

The worker ant closely misses you.
Found 4 gold pieces.
You hit the centaur.
The centaur is moderately wounded.
The centaur closely misses you. The worker ant bites you.
* * * LOW HITPOINT WARNING * * *
The centaur closely misses you.
Drink which item? (? for menu, Esc to quit)
It was a potion of cancellation.
Your magical effects are unravelling.
You feel magically purged. The worker ant bites you.
* * * LOW HITPOINT WARNING * * *
The centaur barely misses you. The worker ant barely misses you.
Drink which item? (? for menu, Esc to quit)
It was a potion of agility.
You feel agile all of a sudden.
Your horns disappear.
The centaur misses you.
The centaur hits you but does no damage.
The worker ant bites you!
You die...

##.##.# ##..<## #...#.#
##.....## #.....#
##.......##
#.....####<........####
##.......'.........+..
#....####......#.#.#
......# ##.()........
##.#### ##.(..#.#.#.##
#.# ##.((@a.....# #.
##+##c#.#.#.. ... .#.#
##.# $ #


You could see a centaur and a worker ant.

Vanquished Creatures
  A phantom (D:4)
  2 ogres (D:4)
  2 hounds (D:4)
  An orc priest (D:4)
  A worker ant (D:4)
  Ijyb (D:4)
  4 gnolls (D:4)
  4 adders
  A giant mite (D:2)
  5 giant geckos
  2 oozes
  5 orcs
  6 bats
  6 hobgoblins
  A ball python (D:1)
  3 giant cockroaches
  A giant gecko skeleton (D:4)
  A giant newt (D:1)
  5 goblins
  12 kobolds
  2 quokkas (D:3)
  7 rats
73 creatures vanquished.

Vanquished Creatures (collateral kills)
  A worm (D:3)
1 creature vanquished.

Grand Total: 74 creatures vanquished

Notes
Turn   | Place    | Note
--------------------------------------------------------------
     0 | D:1      | kae, the Draconian Transmuter, began the quest for the Orb.
     0 | D:1      | Reached XP level 1. HP: 16/16 MP: 3/3
   233 | D:1      | Reached XP level 2. HP: 20/23 MP: 4/4
   980 | D:2      | Reached XP level 3. HP: 15/28 MP: 6/6
  1401 | D:3      | Reached skill level 4 in Unarmed Combat
  1791 | D:3      | Found a radiant altar of Vehumet.
  1922 | D:3      | Reached XP level 4. HP: 35/35 MP: 7/7
  1978 | D:3      | Learned a level 2 spell: Sticks to Snakes
  1982 | D:3      | Learned a level 3 spell: Spider Form
  2662 | D:4      | Noticed an ogre
  2669 | D:4      | Killed an ogre
  2669 | D:4      | Reached skill level 5 in Unarmed Combat
  2669 | D:4      | Reached XP level 5. HP: 35/40 MP: 5/9
  2708 | D:4      | Noticed Ijyb
  2746 | D:4      | Killed Ijyb
  2899 | D:4      | Noticed a phantom
  2937 | D:4      | Killed a phantom
  2937 | D:4      | Reached XP level 6. HP: 18/47 MP: 10/10
  3133 | D:4      | Reached skill level 6 in Unarmed Combat
  3176 | D:4      | Noticed an ogre
  3184 | D:4      | Killed an ogre
  3803 | D:4      | Your scales start taking on a rich purple colour.
  3803 | D:4      | Reached XP level 7. HP: 52/52 MP: 12/12
  3979 | D:5      | Entered Level 5 of the Dungeon
  4001 | D:5      | Slain by a worker ant

Action                   |  1- 3 |  4- 6 |  7- 9 || total
-------------------------+-------+-------+-------++-------
Melee: Unarmed           |   165 |   189 |    11 ||   365
 Cast: Beastly Appendage |    10 |     8 |     2 ||    20
       Sticks to Snakes  |       |     5 |       ||     5
       Spider Form       |       |     2 |       ||     2
  Use: Potion            |       |       |     2 ||     2
 Stab: Distracted        |     1 |       |       ||     1
       Sleeping          |     1 |       |       ||     1
  Eat: Chunk             |     4 |     6 |       ||    10
